 Dungeon Crawl Stone Soup version 0.24-a0-619-gb7544fd237 (webtiles) character file.

Game seed: 16218837005576861468, levelgen mode: deterministic

728111 Ijustatesigmund the Minotaur Aeon (level 27, -5/239 HPs)
             Began as a Minotaur Monk on Sept 10, 2019.
             Was the Champion of Cheibriados.
             Hit by a storm dragon zombie thrown by iron giant (23 damage)
             ... on level 14 of a ziggurat on Sept 17, 2019.
             The game lasted 03:58:43 (59456 turns).

Ijustatesigmund the Minotaur Aeon (Minotaur Monk)  Turns: 59456, Time: 03:58:44

Health: -5/239     AC: 58    Str: 33    XL:     27
Magic:  33/47      EV: 30    Int: 28    God:    Cheibriados [******]
Gold:   6740       SH: 29    Dex: 41    Spells: 17/26 levels left

rFire    . . .     SeeInvis +   a - +9 broad axe (flame)
rCold    + . .     Gourm    .   F - +4 shield
rNeg     + + .     Faith    .   V - +13 crystal plate armour of Tempters {rCorr}
rPois    .         Spirit   .   n - +0 hat of the Valley {rC+}
rElec    .         Reflect  +   q - +2 cloak {MR+}
rCorr    +         Harm     .   x - +2 pair of gloves {Dex+3}
MR       +++..                  A - +1 pair of boots of the Tormentor {+Inv MP+9 Dex+3}
Stlth    ..........             H - +5 amulet of reflection
HPRegen  0.00/turn              s - ring of Rymidgha {rN++ SInv}
MPRegen  0.30/turn              D - ring of Robustness {AC+8}

@: very slightly contaminated, very slow
A: retaliatory headbutt, horns 2, clever 2, clumsy 1, frail 1, inhibited
regeneration, no potion heal 1, subdued magic 1, sturdy frame 1
}: 5/15 runes: decaying, slimy, silver, abyssal, gossamer
a: Bend Time, Temporal Distortion, Slouch, Step From Time, Renounce Religion,
Evoke Invisibility


You were on level 14 of a ziggurat.
You worshipped Cheibriados.
Cheibriados was exalted by your worship.
You were not hungry.

You visited 13 branches of the dungeon, and saw 55 of its levels.
You visited the Abyss 5 times.
You visited 1 ziggurat, and saw 14 of its levels.
You also visited: Bailey, Gauntlet and Ice Cave.

You collected 10254 gold pieces.
You spent 3514 gold pieces at shops.

Inventory:

Hand Weapons
 a - a +9 broad axe of flaming (weapon)
 W - a +9 broad axe of flaming
Missiles
 k - 17 silver javelins (quivered)
Armour
 n - the +0 hat of the Valley (worn) {rC+}
   (You acquired it on level 1 of the Orcish Mines)

   It protects you from cold.
 q - a +2 cloak of magic resistance (worn)
 x - a +2 pair of gloves of dexterity (worn)
 z - +8 fire dragon scales
 A - the +1 pair of boots of the Tormentor (worn) {+Inv MP+9 Dex+3}
   (You found it in a Gauntlet)

   It affects your dexterity (+3).
   It affects your magic capacity (+9).
   It lets you turn invisible.
 F - a +4 shield (worn)
 L - the +4 pearl dragon scales "Jashrewu" {rF+ rN+ MR+ Regen+ Str+4}
   (You found it on level 5 of the Pits of Slime)

   It affects your strength (+4).
   It protects you from fire.
   It protects you from negative energy.
   It affects your resistance to hostile enchantments.
   It increases your rate of regeneration.
 V - the +13 crystal plate armour of Tempters (worn) {rCorr}
   (You found it on level 11 of a ziggurat)

   It provides partial protection from all sources of acid and corrosion.
Jewellery
 i - an uncursed ring of resist corrosion
 j - an uncursed ring of protection from magic
 l - the ring of Wishful Thinking {rPois rF+ Str-4 SInv}
   (You took it off a deep elf archer on level 3 of the Elven Halls)

   [ring of poison resistance]

   It affects your strength (-4).
   It protects you from fire.
   It protects you from poison.
   It lets you see invisible.
 s - the ring of Rymidgha (left hand) {rN++ SInv}
   (You found it on level 4 of the Depths)

   [ring of see invisible]

   It greatly protects you from negative energy.
   It lets you see invisible.
 y - an uncursed amulet of regeneration
 D - the ring of Robustness (right hand) {AC+8}
   (You bought it in a shop on level 2 of the Orcish Mines)

   [ring of protection]

   It affects your AC (+8).
 H - a +5 amulet of reflection (around neck)
 I - the ring "Gaeharod" {+Inv rN+ MR- AC+3 Int+3}
   (You found it on level 2 of the Spider Nest)

   [ring of protection]

   It affects your AC (+3).
   It affects your intelligence (+3).
   It protects you from negative energy.
   It affects your resistance to hostile enchantments.
   It lets you turn invisible.
 T - the ring of the Mage {Wiz MR++ Int+3}
   (You found it on level 1 of the Depths)

   [ring of wizardry]

   It improves your spell success rate.
   It affects your intelligence (+3).
   It affects your resistance to hostile enchantments.
 Z - an uncursed ring of protection from cold
Wands
 d - a wand of clouds (1)
 u - a wand of enslavement (7)
 B - a wand of iceblast (33)
 J - a wand of acid (33)
 P - a wand of digging (20)
 R - a wand of scattershot (21)
Scrolls
 e - 34 scrolls of remove curse
 p - 5 scrolls of identify
 t - 3 scrolls of enchant armour
 v - 21 scrolls of teleportation
 C - 2 scrolls of silence
 E - 12 scrolls of fog
 N - 7 scrolls of fear
 O - 4 scrolls of immolation
 Q - 3 scrolls of blinking
 S - a scroll of summoning
 U - 10 scrolls of magic mapping
 X - 2 scrolls of amnesia
Potions
 b - a potion of cancellation
 f - 6 potions of magic
 g - 8 potions of heal wounds
 h - 8 potions of flight
 m - 20 potions of curing
 o - 13 potions of brilliance
 r - 8 potions of ambrosia
 w - a potion of might
 G - a potion of resistance
 K - a potion of invisibility
 Y - a potion of agility
Miscellaneous
 M - 5 phantom mirrors
Comestibles
 c - 75 rations


   Skills:
 - Level 25.1 Fighting
 - Level 22.6 Axes
 - Level 11.5 Throwing
 + Level 19.9 Armour
 - Level 19.8 Dodging
 - Level 2.3 Stealth
 - Level 20.7 Shields
 - Level 5.6 Hexes
 - Level 8.5 Translocations
 + Level 25.4 Invocations
 - Level 14.1 Evocations


You had 17 spell levels left.
You knew the following spells:

 Your Spells              Type           Power        Failure   Level  Hunger
a - Magic Dart            Conj           #...         50%         1    ##.....
b - Blink                 Tloc           N/A          1%          2    ###....
c - Portal Projectile     Hex/Tloc       ####..       9%          3    ####...
d - Lesser Beckoning      Tloc           #####.....   4%          3    ####...

Your spell library contained the following spells:

 Spells                   Type           Power        Failure   Level  Hunger
 Apportation              Tloc           #####.       1%          1    ##.....
 Confusing Touch          Hex            ###...       4%          1    ##.....
 Corona                   Hex            ###....      4%          1    ##.....
 Gell's Gravitas          Tloc           #####.....   4%          3    ####...
 Teleport Other           Tloc           #####...     4%          3    ####...
 Slow                     Hex            ###.....     8%          2    ###....
 Shroud of Golubria       Chrm/Tloc      ###...       14%         2    ###....
 Confuse                  Hex            ###.....     16%         3    ####...
 Tukima's Dance           Hex            ###.....     16%         3    ####...
 Passage of Golubria      Tloc           N/A          16%         4    #####..
 Ensorcelled Hibernation  Hex/Ice        ##....       26%         2    ###....
 Recall                   Summ/Tloc      N/A          28%         3    ####...
 Dazzling Spray           Conj/Hex       ##....       47%         3    ####...
 Inner Flame              Hex/Fire       ##......     47%         3    ####...
 Spectral Weapon          Hex/Chrm       ##......     47%         3    ####...
 Summon Guardian Golem    Hex/Summ       ##......     47%         3    ####...
 Animate Skeleton         Necr           N/A          50%         1    ##.....
 Beastly Appendage        Tmut           #.....       50%         1    ##.....
 Flame Tongue             Conj/Fire      #....        50%         1    ##.....
 Freeze                   Ice            #...         50%         1    ##.....
 Sandblast                Erth           #.....       50%         1    ##.....
 Shock                    Conj/Air       #...         50%         1    ##.....
 Sting                    Conj/Pois      #...         50%         1    ##.....
 Summon Small Mammal      Summ           #...         50%         1    ##.....
 Cause Fear               Hex            ###.......   50%         4    #####..
 Call Imp                 Summ           #.......     63%         2    ###....
 Corpse Rot               Necr           N/A          63%         2    ###....
 Passwall                 Tmut/Erth      #.......     63%         2    ###....
 Searing Ray              Conj           #.....       63%         2    ###....
 Sticks to Snakes         Tmut           #.......     63%         2    ###....
 Sublimation of Blood     Necr           #.........   63%         2    ###....
 Swiftness                Chrm/Air       #.......     63%         2    ###....
 Throw Frost              Conj/Ice       #.....       63%         2    ###....
 Force Lance              Conj/Tloc      ###.....     69%         4    #####..
 Call Canine Familiar     Summ           #.......     86%         3    ####...
 Conjure Flame            Conj/Fire      #.......     86%         3    ####...
 Ignite Poison            Fire/Tmut/Pois #.......     86%         3    ####...
 Mephitic Cloud           Conj/Pois/Air  #.......     86%         3    ####...
 Ozocubu's Armour         Chrm/Ice       #.......     86%         3    ####...
 Regeneration             Chrm/Necr      #.........   86%         3    ####...
 Spider Form              Tmut/Pois      #.........   86%         3    ####...
 Static Discharge         Conj/Air       #.......     86%         3    ####...
 Stone Arrow              Conj/Erth      #.....       86%         3    ####...
 Fulminant Prism          Conj/Hex       ##........   88%         4    #####..
 Leda's Liquefaction      Hex/Erth       ##........   88%         4    #####..
 Dispersal                Tloc           #####.....   95%         6    #######
 Summon Forest            Summ/Tloc      ###.......   96%         5    ######.
 Airstrike                Air            #.........   99%         4    #####..
 Animate Dead             Necr           N/A          99%         4    #####..
 Ice Form                 Ice/Tmut       #.......     99%         4    #####..
 Iskenderun's Mystic Bla  Conj           #.......     99%         4    #####..
 Petrify                  Tmut/Erth      #.......     99%         4    #####..
 Summon Ice Beast         Ice/Summ       #.......     99%         4    #####..
 Summon Lightning Spire   Summ/Air       #.......     99%         4    #####..
 Throw Icicle             Conj/Ice       #.......     99%         4    #####..
 Metabolic Englaciation   Hex/Ice        ##........   99%         5    ######.
 Summon Mana Viper        Hex/Summ       ##......     99%         5    ######.
 Yara's Violent Unravell  Hex/Tmut       ##........   99%         5    ######.
 Agony                    Necr           #.......     100%        5    ######.
 Alistair's Intoxication  Tmut/Pois      #.......     100%        5    ######.
 Aura of Abjuration       Summ           #.........   100%        5    ######.
 Blade Hands              Tmut           #.........   100%        5    ######.
 Bolt of Draining         Conj/Necr      #.........   100%        5    ######.
 Bolt of Magma            Conj/Fire/Erth #.........   100%        5    ######.
 Borgnjor's Vile Clutch   Necr/Erth      #.........   100%        5    ######.
 Dispel Undead            Necr           #.......     100%        5    ######.
 Excruciating Wounds      Chrm/Necr      #.........   100%        5    ######.
 Fireball                 Conj/Fire      #.........   100%        5    ######.
 Irradiate                Conj/Tmut      #.........   100%        5    ######.
 Lee's Rapid Deconstruct  Erth           #.........   100%        5    ######.
 Lightning Bolt           Conj/Air       #.........   100%        5    ######.
 Summon Demon             Summ           #.........   100%        5    ######.
 Bolt of Cold             Conj/Ice       #.........   100%        6    #######
 Bolt of Fire             Conj/Fire      #.........   100%        6    #######
 Death Channel            Necr           #.........   100%        6    #######
 Deflect Missiles         Chrm/Air       #.........   100%        6    #######
 Freezing Cloud           Conj/Ice/Air   #.........   100%        6    #######
 Hydra Form               Tmut           #.........   100%        6    #######
 Invisibility             Hex            ###.....     100%        6    #######
 Iron Shot                Conj/Erth      #.........   100%        6    #######
 Ozocubu's Refrigeration  Ice            #.........   100%        6    #######
 Shadow Creatures         Summ           N/A          100%        6    #######
 Simulacrum               Ice/Necr       #.........   100%        6    #######
 Statue Form              Tmut/Erth      #........    100%        6    #######
 Dragon Form              Tmut           #.........   100%        7    #######
 Haunt                    Necr/Summ      #.........   100%        7    #######
 Spellforged Servitor     Conj/Summ      #.........   100%        7    #######
 Summon Hydra             Summ           #.........   100%        7    #######
 Borgnjor's Revivificati  Necr           #.........   100%        8    #######
 Controlled Blink         Tloc           N/A          100%        8    #######
 Death's Door             Chrm/Necr      #.........   100%        8    #######
 Disjunction              Tloc           #####.....   100%        8    #######
 Ignition                 Fire           #.........   100%        8    #######
 Infestation              Necr           #.........   100%        8    #######
 Necromutation            Tmut/Necr      #.........   100%        8    #######
 Dragon's Call            Summ           #.........   100%        9    #######
 Shatter                  Erth           #.........   100%        9    #######
 Tornado                  Air            #.........   100%        9    #######


Dungeon Overview and Level Annotations

Branches:
Dungeon (15/15)            Temple (1/1) D:5            Lair (6/6) D:10
  Swamp (4/4) Lair:3       Spider (4/4) Lair:2        Slime (5/5) Lair:5
    Orc (2/2) D:12            Elf (3/3) Orc:2        Vaults (5/5) D:14
  Crypt (3/3) Vaults:2       Tomb (1/3) Crypt:3      Depths (5/5) D:15
    Zot (1/5) Depths:5     Bailey (visited)           IceCv (visited)
Gauntlet (visited)

Altars:
Ashenzari
Cheibriados
Dithmenos
Elyvilon
Fedhas
Gozag
Hepliaklqana
Kikubaaqudgha
Makhleb
Nemelex Xobeh
Okawaru
Qazlal
Sif Muna
Trog
Uskayaw
Vehumet
Xom
Yredelemnul
Zin
The Shining One
Beogh
Jiyva

Shops:
D:5 *   D:6 *   D:13 }   Orc:1 !   Orc:2 [=(*   Elf:1 *   Vaults:2 *((
Vaults:5 *   Depths:1 }=}   Depths:4 *

Portals:
Hell: Depths:1 Depths:2 Depths:3 Depths:4 Depths:5
Abyss: Depths:2 Depths:4 Depths:5
Pandemonium: Depths:3 Depths:4 Depths:5
Trove: D:12 (give +4 fire dragon scales)

Annotations:
D:7 2 transporters, Steforg's ghost, novice HuIE


Innate Abilities, Weirdness & Mutations

You reflexively headbutt those who attack you in melee.
You have a pair of horns on your head.
Your mind is very acute. (Int +4)
You are clumsy. (Dex -2)
You are frail. (-10% HP)
You do not regenerate when monsters are visible.
Potions are less effective at restoring your health.
Your spells are a little easier to cast, but a little less powerful.
Your movements are slightly less encumbered by armour. (ER -2)


Message History

The iron shot reflects off an invisible shield around you!
The iron shot hits the iron giant!!!
The iron giant points at you and mumbles some strange words.
The harpoon shot reflects off an invisible shield around you!
The harpoon shot hits the iron giant.
The reaper whispers, "Time's up, Ijustatesigmund!"
You block the war gargoyle's attack.
The tormentor roars!
Blink to where?
Press: ? - help, Dir - move target cursor
As you read the scroll of blinking, it crumbles to dust.
The rust devil screeches!
Found five items.
You block the reaper's attack.
The tormentor calls on the powers of darkness!
Your body is wracked with pain!
* * * LOW HITPOINT WARNING * * *
The iron giant convulses! x2
The iron giant throws the storm dragon zombie at you!
You die...

▓▓▓.....Z.....
▓▓▓.............
▓▓........2......
▓▓................
▓..............5..
▓▓...2...2.2.Z2....
▓...2......C.Z.....
▓[Z)29..2C.....4...
▓▓!@C5.4............
▓.(25[...z....5.....
▓▓%∩%)..............
▓::).........4..2..
▓..........z.......
▓▓........ ...
▓......4. ...
▓▓....... ...
▓...... ..


You could see 2 iron giants, 3 reapers, a skeletal warrior, a war gargoyle, 2
rust devils, 3 tormentors, 2 iron imps and a storm dragon zombie.

Vanquished Creatures
  the Royal Jelly (Slime:5)
  Dissolution (Slime:3)
  Mennas (Crypt:2)
  Khufu (Crypt:2)
  Mara (Spider:4)
  A juggernaut (Depths:5)
  An ancient lich (Vaults:4)
  Sojobo (Depths:4)
  3 greater mummies
  Boris (Crypt:2)
  Xtahua (Vaults:5)
  Saint Roka (Orc:2)
  4 caustic shrikes
  the Lernaean hydra (Swamp:4)
  Jory (Crypt:2)
  Arachne (Spider:3)
  A profane servitor (Crypt:3)
  3 bone dragons
  6 golden dragons
  the Enchantress (Depths:1)
  An electric golem (Zot:1)
  A Hell Sentinel (Zig:9)
  8 tentacled monstrosities
  5 liches
  Jorgrun (D:14)
  7 titans
  5 deep elf blademasters
  2 deep elf master archers (Elf:3)
  2 quicksilver dragons
  21 acid blobs
  6 tentacled starspawn
  9 sphinxes
  4 thorn hunters
  2 ancient champions
  The ghost of Tejew the Carver, an adept HuGl of Makhleb (Swamp:1)
  An Executioner (Abyss:3)
  7 shadow dragons
  9 tengu reavers
  3 nagarajas
  A revenant (Crypt:3)
  11 storm dragons
  A daeva (Abyss:4)
  2 draconian monks (Zot:1)
  16 azure jellies
  12 fire giants
  11 deep elf sorcerers
  11 frost giants
  4 ghost moths
  2 deep elf elementalists
  A ghost moth (shapeshifter) (Vaults:5)
  4 iron dragons
  17 vault wardens
  2 draconian scorchers (Zot:1)
  A balrug (Depths:3)
  3 orc warlords
  2 draconian knights (Zot:1)
  A cacodemon (Abyss:2)
  Louise (Elf:3)
  A caustic shrike zombie (Depths:1)
  Aizul (Vaults:4)
  A curse skull (Crypt:2)
  4 emperor scorpions
  3 ghouls
  5 draconian shifters
  16 very ugly things
  A draconian stormcaller (Zot:1)
  14 ironheart preservers
  7 entropy weavers
  A corrupter (Abyss:3)
  6 spriggan defenders
  3 draconian annihilators
  17 stone giants
  A reaper (Crypt:2)
  6 vampire knights
  2 war gargoyles
  A black sun (Zig:2)
  3 green draconians (Zot:1)
  10 deep elf demonologists
  2 bennus (Tomb:1)
  A lorocyproca (Abyss:4)
  Azrael (Orc:2)
  8 deep elf annihilators (Elf:3)
  6 black draconians
  4 spark wasps
  4 yellow draconians
  A minotaur (Gauntlet)
  4 purple draconians
  Nessos (Lair:5)
  3 red draconians
  2 eidola
  A crystal guardian (Vaults:5)
  14 ettins
  Snorg (Lair:5)
  3 blizzard demons
  5 death oozes
  9 deep elf death magi
  6 deep elf high priests
  18 fire dragons
  8 mummy priests
  17 yaktaur captains
  19 jiangshi
  A monstrous demonspawn (Depths:3)
  19 great orbs of eyes
  4 catoblepae
  25 hydras
  An ice dragon (shapeshifter) (Depths:1)
  4 spriggan air magi
  6 ice dragons
  39 vault guards
  2 ghost crabs (Swamp:4)
  4 rakshasas
  5 centaur warriors
  12 ogre magi
  Erica (D:9)
  A two-headed ogre (shapeshifter) (Zig:13)
  A queen ant (Lair:2)
  15 alligators
  36 two-headed ogres
  5 tengu warriors
  2 shambling mangroves (Swamp:3)
  8 orc high priests
  7 death knights
  2 vampire magi
  15 death yaks
  7 deep troll earth magi
  16 deep troll shamans
  18 death scarabs (Tomb:1)
  12 thrashing horrors
  36 dancing weapons
  3 hell hogs
  4 naga sharpshooters
  8 hell knights
  6 spriggan berserkers
  28 deep elf knights
  A storm dragon zombie (Depths:2)
  An iron golem (Zig:9)
  2 shock serpents (Zig:10)
  3 sun demons
  Nergalle (Lair:3)
  3 salamander mystics
  6 wretched stars
  18 skeletal warriors
  31 large abominations
  11 iron trolls
  A fire crab (shapeshifter) (Abyss:2)
  4 sixfirhies
  3 unseen horrors
  9 spatial maelstroms
  8 flayed ghosts
  14 glowing orange brains
  5 shadow wraiths
  11 wizards
  A deep troll (shapeshifter) (Vaults:5)
  32 deep trolls
  A spriggan druid (Swamp:4)
  An infernal demonspawn (Depths:3)
  28 starcursed masses
  A storm dragon skeleton (Zig:5)
  A death drake (shapeshifter) (Elf:3)
  A tengu zombie (Depths:2)
  9 swamp dragons
  2 orange crystal statues
  2 swamp dragons (shapeshifter)
  A naga ritualist (Zig:10)
  4 obsidian statues
  27 deep elf archers
  A golden dragon skeleton (Depths:1)
  A harpy (Zig:13)
  18 orc knights
  An oklob plant (Lair:5)
  5 orc sorcerers
  4 cyclopes
  12 phantasmal warriors
  8 orb spiders
  A wolf spider zombie (D:15)
  29 ironbrand convokers
  3 tengu skeletons
  A mana viper (shapeshifter) (Depths:4)
  85 deep elf magi
  2 stone giant zombies
  14 necromancers
  32 wolf spiders
  A wolf spider (shapeshifter) (Depths:5)
  9 shining eyes
  A shining eye (shapeshifter) (Zig:13)
  172 slime creatures
  A sphinx zombie (Vaults:3)
  25 ugly things
  A moth of wrath (shapeshifter) (Vaults:5)
  A cyclops (shapeshifter) (Zig:13)
  7 salamanders (Depths:3)
  3 manticores
  6 moths of wrath
  A worldbinder (Abyss:2)
  13 black mambas
  5 centaur zombies
  4 torpor snails
  27 elephants
  2 apocalypse crabs
  2 frost giant skeletons
  A stone giant skeleton (Depths:1)
  A rust devil (Abyss:2)
  2 ice statues
  A guardian serpent (Zig:10)
  16 spiny frogs
  19 vault sentinels
  4 naga magi
  13 smoke demons
  A hellion (Zig:14)
  10 eyes of devastation
  A storm dragon simulacrum (Crypt:3)
  A spiny frog (shapeshifter) (Depths:2)
  2 orange demons
  An emperor scorpion zombie (Crypt:1)
  20 freezing wraiths
  12 demonic crawlers
  2 tormentors
  4 anaconda simulacra (IceCv)
  A green draconian zombie (Crypt:2)
  A rime drake (shapeshifter) (Vaults:4)
  4 rime drakes
  5 ice devils (IceCv)
  75 yaktaurs
  3 kobold demonologists
  3 komodo dragons
  A redback zombie (D:14)
  6 tengu conjurers
  2 efreet
  2 golden dragon simulacra (IceCv)
  A hellwing (Zig:12)
  14 guardian mummies
  6 ancient zymes
  3 meliai (shapeshifter)
  A red draconian skeleton (Crypt:2)
  A queen bee (shapeshifter) (Zig:13)
  A troll (shapeshifter) (Zig:7)
  A wind drake (shapeshifter) (Elf:1)
  13 trolls
  24 hornets
  Prince Ribbit (D:8)
  12 tyrant leeches
  38 jumping spiders
  2 wolf spider simulacra (IceCv)
  2 polar bears (Lair:6)
  20 raiju
  A raiju (shapeshifter) (Depths:3)
  8 blink frogs
  2 ettin zombies
  6 dream sheep (Lair:4)
  12 hippogriffs
  A frost giant simulacrum (Crypt:3)
  2 slime creatures (shapeshifter)
  17 bog bodies
  An alligator zombie (Abyss:2)
  An ice dragon skeleton (Depths:1)
  Sigmund (D:5)
  99 redbacks
  A spriggan (shapeshifter) (Vaults:4)
  An ushabti (Tomb:1)
  5 air elementals
  A yak (shapeshifter) (Vaults:1)
  2 dire elephant simulacra
  62 flying skulls
  15 spriggans
  2 tarantellas (shapeshifter)
  3 wyverns
  8 shadows
  7 ynoxinuls
  39 tarantellas
  A spriggan skeleton (Depths:2)
  8 wraiths
  A black mamba skeleton (Crypt:1)
  A fire bat (shapeshifter) (Vaults:4)
  2 vampires
  46 yaks
  3 water elementals (Elf:1)
  3 human simulacra
  2 steam dragons
  A human (shapeshifter) (Vaults:3)
  6 fire elementals
  2 golden eyes
  A golden eye (shapeshifter) (Depths:4)
  2 basilisks (shapeshifter)
  5 hungry ghosts
  2 basilisks
  A yaktaur simulacrum (Vaults:2)
  9 neqoxecs
  A death yak simulacrum (IceCv)
  8 spatial vortices
  6 chaos spawn
  2 harpy simulacra (IceCv)
  30 vampire mosquitoes
  22 insubstantial wisps
  10 wargs
  2 nagas (Zig:10)
  A naga (shapeshifter) (Vaults:2)
  14 swamp worms
  2 iron troll simulacra (IceCv)
  A soldier ant (shapeshifter) (Zig:13)
  6 soldier ants (Lair:2)
  An acid dragon (D:15)
  A monstrous demonspawn skeleton (Crypt:2)
  Duvessa (D:5)
  A deep troll zombie (Crypt:1)
  6 water moccasins
  6 hell hounds
  6 hydra simulacra (IceCv)
  54 orc warriors
  2 floating eyes (Depths:4)
  10 porcupines
  15 swamp drakes
  6 ice beasts
  5 sky beasts
  5 black bears
  14 boggarts
  3 ettin simulacra
  10 eyes of draining
  A hornet zombie (D:12)
  35 ogres
  A blink frog zombie (Crypt:1)
  6 phantoms
  A black mamba simulacrum (Crypt:3)
  An elephant zombie (Crypt:2)
  8 necrophages
  27 centaurs
  An ogre (shapeshifter) (Depths:2)
  An eye of draining (shapeshifter) (Vaults:1)
  A torpor snail zombie (Crypt:2)
  9 wolves
  A wolf (shapeshifter) (Depths:5)
  A swamp dragon skeleton (Abyss:3)
  A human zombie (Vaults:1)
  8 crocodiles
  3 big kobolds
  4 earth elementals
  A glowing shapeshifter simulacrum (Vaults:3)
  A gnoll sergeant (D:11)
  A wyvern zombie (D:11)
  15 bullfrogs
  33 small abominations
  34 scorpions
  A wyvern skeleton (D:10)
  A warg zombie (Crypt:2)
  Dowan (D:5)
  6 wights
  3 killer bees (D:8)
  6 howler monkeys
  3 electric eels
  2 crimson imps
  A draconian simulacrum (IceCv)
  A quasit (Abyss:2)
  5 hounds
  27 orc wizards
  2 bullfrog skeletons
  6 centaur skeletons
  2 human skeletons
  6 jellies
  20 orc priests
  2 iron imps
  7 iguanas
  38 worker ants
  4 hell rats (Lair:5)
  A polar bear simulacrum (IceCv)
  3 troll simulacra (IceCv)
  A big kobold zombie (Crypt:1)
  4 centaur simulacra
  An ogre skeleton (Crypt:1)
  A naga skeleton (Crypt:2)
  4 mummies
  A howler monkey zombie (D:5)
  A worker ant zombie (D:5)
  11 gnolls
  2 howler monkey skeletons
  11 adders
  2 naga simulacra (IceCv)
  An ogre simulacrum (IceCv)
  A river rat (shapeshifter) (Vaults:5)
  4 shadow imps
  11 white imps
  8 ufetubi
  2 adder zombies (D:9)
  A halfling zombie (Crypt:1)
  An adder skeleton (D:5)
  4 worms
  4 dart slugs
  8 leopard geckos
  95 orcs
  14 bats
  8 giant cockroaches
  11 hobgoblins
  14 jackals
  6 quokkas
  A ball python (D:5)
  4 frilled lizards
  16 goblins
  A goblin zombie (Crypt:2)
  28 kobolds
  A quokka skeleton (D:4)
  10 rats
  A rat zombie (Crypt:1)
  10 briar patches
  23 fungi
  3 lurking horrors
  6 plants
  10 starspawn tentacles
3252 creatures vanquished.

Vanquished Creatures (collateral kills)
  A bullfrog (D:11)
  A scorpion (Spider:2)
  4 kobolds (Bailey)
6 creatures vanquished.

Vanquished Creatures (others)
  A sphinx (Tomb:1)
  A fire giant (Vaults:5)
  A very ugly thing (Vaults:5)
  A rakshasa (Zig:12)
  A hydra (Swamp:4)
  An ogre mage (Vaults:4)
  A hell hog (Abyss:4)
  A naga sharpshooter (Zig:10)
  2 deep elf archers
  An ugly thing (D:11)
  4 deep elf magi
  A spiny frog (Swamp:2)
  2 orc warriors (Vaults:5)
  2 ogres (Vaults:4)
  A human skeleton (Vaults:3)
  2 orcs
  A briar patch (Zig:6)
  38 fungi
  A lurking horror (Abyss:2)
  22 plants
  9 starspawn tentacles
94 creatures vanquished.

Grand Total: 3352 creatures vanquished

Notes
Turn   | Place    | Note
-------+----------+-------------------------------------------
     0 | D:1      | Ijustatesigmund the Minotaur Monk began the quest for the
                  | Orb.
     0 | D:1      | Reached XP level 1. HP: 19/19 MP: 0/0
   508 | D:1      | Reached XP level 2. HP: 22/27 MP: 1/1
  1052 | D:2      | Reached XP level 3. HP: 20/33 MP: 2/2
  1397 | D:2      | Found a shimmering blue altar of Sif Muna.
  1811 | D:2      | Reached XP level 4. HP: 25/41 MP: 3/3
  2101 | D:3      | Reached skill level 1 in Armour
  2112 | D:3      | Found a blossoming altar of Fedhas.
  2517 | D:4      | Reached skill level 5 in Axes
  2517 | D:4      | Reached XP level 5. HP: 30/47 MP: 4/4
  3048 | D:4      | Found a hazy altar of Hepliaklqana.
  3049 | D:4      | Noticed a phantom
  3074 | D:4      | Killed a phantom
  3074 | D:4      | Reached skill level 5 in Fighting
  3074 | D:4      | Reached XP level 6. HP: 19/56 MP: 5/5
  3556 | D:5      | Entered Level 5 of the Dungeon
  3556 | D:5      | Noticed Duvessa
  3556 | D:5      | Noticed Dowan
  3556 | D:5      | Noticed Sigmund
  3620 | D:5      | Found Tyxy's Assorted Antiques.
  3717 | D:4      | Reached XP level 7. HP: 45/62 MP: 6/6
  3879 | D:5      | Bought a scroll labeled PUXAZX IGHASTO for 18 gold pieces
  3879 | D:5      | Bought a scroll of identify for 36 gold pieces
  4108 | D:5      | Found a staircase to the Ecumenical Temple.
  4150 | D:5      | Killed Dowan
  4178 | D:5      | Killed Duvessa
  4183 | D:5      | Killed Sigmund
  4183 | D:5      | Reached skill level 5 in Armour
  4183 | D:5      | Reached XP level 8. HP: 73/73 MP: 7/7
  4293 | D:5      | Found a shimmering altar of Xom.
  4466 | D:5      | Found a stormy altar of Qazlal.
  4529 | Temple   | Entered the Ecumenical Temple
  4612 | Temple   | Became a worshipper of Cheibriados the Contemplative
  4612 | Temple   | Reached * piety under Cheibriados
  4612 | Temple   | Reached ** piety under Cheibriados
  4748 | D:6      | Got a pitted ring mail
  4777 | D:5      | Identified the +4 ring mail "Forget-Me-Not" {*Drain Dex+3
                  | Stlth+} (You found it on level 6 of the Dungeon)
  4838 | D:6      | Found Zarhaann's General Store.
  4948 | D:6      | Bought a potion of agility for 44 gold pieces
  4948 | D:6      | Bought 3 scrolls of identify for 66 gold pieces
  4953 | D:6      | Gained mutation: You are weak. (Str -2) [potion of
                  | mutation]
  4953 | D:6      | Gained mutation: You are resistant to hostile enchantments.
                  | (MR+) [potion of mutation]
  4954 | D:6      | Lost mutation: You are weak. (Str -2) [potion of mutation]
  4954 | D:6      | Lost mutation: You are resistant to hostile enchantments.
                  | (MR+) [potion of mutation]
  4954 | D:6      | Gained mutation: Your magical capacity is low. (-10% MP)
                  | [potion of mutation]
  4954 | D:6      | Gained mutation: You are partially covered in thin metallic
                  | scales. (AC +2) [potion of mutation]
  4954 | D:6      | Gained mutation: You are partially covered in rugged brown
                  | scales. (AC +1, +3% HP) [potion of mutation]
  5330 | D:7      | Found a transporter.
  5333 | D:7      | Noticed Steforg's ghost (novice HuIE)
  5335 | D:7      | Found a transporter.
  5340 | D:7      | Noticed a gargoyle
  5340 | D:7      | Noticed a purple ugly thing
  5362 | D:7      | Reached XP level 9. HP: 58/84 MP: 7/7
  5535 | D:7      | Reached *** piety under Cheibriados
  5563 | D:7      | Reached skill level 1 in Invocations
  5676 | D:7      | You fall into a shaft and drop 2 floors!
  5679 | D:9      | Found a bloodstained altar of Trog.
  5862 | D:8      | Noticed a two-headed ogre
  5866 | D:8      | Killed a two-headed ogre
  5866 | D:8      | Reached skill level 10 in Axes
  5867 | D:8      | Reached skill level 10 in Fighting
  6001 | D:8      | Found an iron altar of Okawaru.
  6061 | D:8      | Noticed Prince Ribbit
  6074 | D:8      | Killed Prince Ribbit
  6074 | D:8      | Reached skill level 1 in Shields
  6074 | D:8      | Reached XP level 10. HP: 84/96 MP: 9/10
  6156 | D:7      | Found a shadowy altar of Dithmenos.
  6579 | D:8      | Noticed a two-headed ogre
  6587 | D:8      | Killed a two-headed ogre
  6644 | D:8      | Reached skill level 5 in Invocations
  6707 | D:8      | Noticed a two-headed ogre
  6718 | D:8      | Killed a two-headed ogre
  6718 | D:8      | Reached **** piety under Cheibriados
  7061 | D:9      | Noticed Erica
  7074 | D:9      | Killed Erica
  7623 | D:10     | Entered Level 10 of the Dungeon
  7691 | D:10     | Reached skill level 5 in Shields
  7715 | D:10     | Found a staircase to the Lair.
  7804 | D:10     | Reached XP level 11. HP: 83/105 MP: 13/13
  7808 | D:10     | Reached ***** piety under Cheibriados
  8514 | D:10     | Killed an unseen horror
  8794 | D:11     | Noticed a white ugly thing
  8893 | D:11     | Noticed a red ugly thing
  8906 | D:11     | Killed a red ugly thing
  9540 | D:12     | Noticed a two-headed ogre
  9540 | D:12     | Noticed a seven-headed hydra
  9551 | D:12     | Killed a four-headed hydra
  9644 | D:12     | Reached ****** piety under Cheibriados
  9694 | D:12     | Found an opulent altar of Gozag.
  9725 | D:12     | Noticed a cyan ugly thing
  9745 | D:12     | Killed a cyan ugly thing
  9754 | D:12     | Found a staircase to the Orcish Mines.
  9780 | D:12     | Reached XP level 12. HP: 116/116 MP: 15/15
  9786 | D:12     | Noticed a two-headed ogre
  9792 | D:12     | Killed a two-headed ogre
  9875 | D:12     | Found a portal to a secret trove of treasure.
  9967 | D:12     | Killed a two-headed ogre
 10403 | D:13     | Found a flagged portal.
 10415 | Bailey   | Entered a bailey
 10643 | Bailey   | Got a spiked leather armour
 10648 | Bailey   | Identified the +2 leather armour "Lirot" {rPois rC- Str+4}
                  | (You found it in a bailey)
 10869 | D:13     | Reached skill level 5 in Dodging
 10901 | D:13     | Found Vaoceh's Gadget Boutique.
 10944 | D:13     | Found a shimmering altar of Xom.
 11565 | Lair:1   | Entered Level 1 of the Lair of Beasts
 12286 | Lair:2   | Found a hole to the Spider Nest.
 12314 | Lair:2   | Got a transparent flail
 12315 | Lair:2   | Identified the +3 flail of Loehahan {flame, +Inv Str+4
                  | Int-5 Dex+3} (You found it on level 2 of the Lair of
                  | Beasts)
 12456 | Lair:2   | Noticed a queen ant
 12473 | Lair:2   | Killed a queen ant
 12769 | Lair:3   | Reached XP level 13. HP: 126/126 MP: 17/17
 12979 | Lair:3   | Reached skill level 10 in Invocations
 13329 | Lair:3   | Noticed Nergalle
 13339 | Lair:3   | Killed Nergalle
 13438 | Lair:3   | Identified a scroll of acquirement
 13471 | Lair:3   | Found a staircase to the Swamp.
 14240 | Lair:4   | Reached skill level 15 in Axes
 14612 | Lair:5   | Noticed Snorg
 14619 | Lair:5   | Killed Snorg
 14709 | Lair:5   | Reached skill level 15 in Fighting
 14782 | Lair:5   | Noticed Nessos
 14800 | Lair:5   | Killed Nessos
 14809 | Lair:5   | Found a staircase to the Slime Pits.
 15111 | Lair:5   | Reached XP level 14. HP: 139/139 MP: 19/19
 15470 | Lair:5   | Got a slimy flail
 15471 | Lair:5   | Identified the +6 flail of the Sun {antimagic, rC+ Str-3
                  | Dex+4 SInv Stlth+} (You found it on level 5 of the Lair of
                  | Beasts)
 15595 | Lair:6   | Entered Level 6 of the Lair of Beasts
 17253 | Orc:1    | Entered Level 1 of the Orcish Mines
 17253 | Orc:1    | Found Lauboergh's Distillery.
 17437 | Orc:1    | Bought a potion of heal wounds for 75 gold pieces
 17437 | Orc:1    | Bought a potion of heal wounds for 75 gold pieces
 17659 | Orc:1    | Found a roughly hewn altar of Beogh.
 17905 | Orc:2    | Entered Level 2 of the Orcish Mines
 17918 | Orc:2    | Noticed Azrael
 17926 | Orc:2    | Noticed Saint Roka
 18105 | Orc:1    | Reached skill level 10 in Shields
 18153 | Orc:2    | Noticed an orc warlord
 18165 | Orc:1    | Paralysed by an orc sorcerer for 5 turns
 18277 | Orc:1    | Killed an orc warlord
 18277 | Orc:1    | Reached XP level 15. HP: 115/148 MP: 20/20
 18348 | Orc:2    | Found Okoveore's General Store.
 18359 | Orc:2    | Bought a scroll of teleportation for 42 gold pieces
 18359 | Orc:2    | Bought a scroll of blinking for 105 gold pieces
 18578 | Orc:2    | Killed Saint Roka
 18743 | Orc:2    | Found a staircase to the Elven Halls.
 18783 | Orc:2    | Killed Azrael
 18857 | Orc:2    | Found a roughly hewn altar of Beogh.
 18923 | Orc:2    | Found Buthregg's Antique Weapon Shop.
 18954 | Orc:2    | Found a roughly hewn altar of Beogh.
 18994 | Orc:2    | Found Dyjovu's Antique Armour Shop.
 19006 | Orc:2    | Bought a pair of glowing boots for 255 gold pieces
 19027 | Orc:2    | Found Mujochek's Jewellery Boutique.
 19264 | Orc:1    | Bought a potion of heal wounds for 75 gold pieces
 19264 | Orc:1    | Bought 3 potions of curing for 135 gold pieces
 19264 | Orc:1    | Bought 2 potions of heal wounds for 150 gold pieces
 19264 | Orc:1    | Bought a potion of heal wounds for 75 gold pieces
 19264 | Orc:1    | Bought a potion of heal wounds for 75 gold pieces
 19273 | Orc:1    | Got a shimmering hat
 19279 | Orc:1    | Identified the +0 hat of the Valley {rC+} (You acquired it
                  | on level 1 of the Orcish Mines)
 19405 | Spider:1 | Entered Level 1 of the Spider Nest
 19441 | Spider:1 | Found a frozen archway.
 19457 | IceCv    | Entered an ice cave
 19778 | IceCv    | Reached skill level 10 in Armour
 19982 | IceCv    | Reached skill level 10 in Dodging
 20485 | Spider:1 | Noticed a ghost moth
 20494 | Spider:1 | Killed a ghost moth
 20620 | Spider:1 | Learned a level 1 spell: Magic Dart
 20623 | Spider:1 | Learned a level 2 spell: Blink
 20792 | Spider:1 | Reached skill level 1 in Translocations
 21232 | Spider:2 | Reached XP level 16. HP: 129/156 MP: 22/22
 21551 | Spider:2 | Paralysed by a hornet for 2 turns
 21579 | Spider:2 | Reached skill level 5 in Translocations
 21881 | Spider:2 | Got a heavily runed bronze ring
 21901 | Spider:2 | Identified the ring "Gaeharod" {+Inv rN+ MR- AC+3 Int+3}
                  | (You found it on level 2 of the Spider Nest)
 22691 | Spider:3 | Noticed Arachne
 22708 | Spider:3 | Killed Arachne
 23594 | Spider:4 | Entered Level 4 of the Spider Nest
 23603 | Spider:4 | Noticed Mara
 23612 | Spider:4 | Noticed Ijustatesigmund's illusion
 23620 | Spider:4 | Killed Mara
 23992 | Spider:4 | Reached XP level 17. HP: 164/164 MP: 24/24
 24051 | Spider:4 | Reached skill level 1 in Evocations
 24644 | Spider:4 | Got a gossamer rune of Zot
 24838 | Swamp:1  | Entered Level 1 of the Swamp
 24950 | Swamp:1  | Found a runed translucent door.
 24950 | Swamp:1  | Noticed Tejew's ghost (adept HuGl)
 24980 | Swamp:1  | Killed Tejew's ghost
 24997 | Swamp:1  | Identified the +4 battleaxe of Kidos {flame, Int+7} (You
                  | found it on level 1 of the Swamp)
 25205 | Swamp:1  | You fall into a shaft and drop 1 floor!
 25232 | Swamp:2  | Reached skill level 15 in Invocations
 26248 | Swamp:2  | Identified the cursed +1 ring mail "Mester" {+Blink} (You
                  | found it on level 2 of the Swamp)
 26595 | Swamp:3  | Found a basalt altar of Yredelemnul.
 26971 | Swamp:3  | Reached skill level 5 in Evocations
 27275 | Swamp:4  | Entered Level 4 of the Swamp
 27532 | Swamp:4  | Reached XP level 18. HP: 175/176 MP: 25/25
 27553 | Swamp:4  | Found a hide-covered altar of Uskayaw.
 27999 | Swamp:4  | Noticed the 27-headed Lernaean hydra
 28150 | Swamp:4  | HP: 4/177 [the 27-headed Lernaean hydra (7)]
 28462 | Swamp:4  | Killed the 27-headed Lernaean hydra
 28643 | Swamp:4  | Got a decaying rune of Zot
 28976 | Orc:2    | Bought the ring of Robustness {AC+8} for 2048 gold pieces
 28976 | Orc:2    | Found the ring of Robustness {AC+8}
 29120 | D:14     | Noticed Jorgrun
 29129 | D:14     | Killed Jorgrun
 29492 | D:14     | Found a gate to the Vaults.
 29649 | D:15     | Entered Level 15 of the Dungeon
 29678 | D:15     | Found a staircase to the Depths.
 29700 | D:15     | Found a gate leading to a gauntlet.
 29707 | Gauntlet | Entered a Gauntlet
 29707 | Gauntlet | Found a transporter.
 29730 | Gauntlet | Found a transporter.
 29736 | Gauntlet | Found a transporter.
 29744 | Gauntlet | Found a transporter.
 29765 | Gauntlet | Found a transporter.
 29779 | Gauntlet | Found a transporter.
 29791 | Gauntlet | Found a transporter.
 29803 | Gauntlet | Found a transporter.
 29815 | Gauntlet | Found a transporter.
 29829 | Gauntlet | Found a transporter.
 29847 | Gauntlet | Found a transporter.
 29867 | Gauntlet | Found a transporter.
 29869 | Gauntlet | Found a transporter.
 29903 | Gauntlet | Found a transporter.
 29903 | Gauntlet | Found a transporter.
 29905 | Gauntlet | Found a transporter.
 29930 | Gauntlet | Found a transporter.
 29957 | Gauntlet | Found a transporter.
 30093 | Gauntlet | Identified the +1 pair of boots of the Tormentor {+Inv MP+9
                  | Dex+3} (You found it in a Gauntlet)
 30359 | D:15     | Paralysed by a wizard for 5 turns
 30457 | D:15     | Identified the +6 broad axe "Ontuf" {speed, +Blink rElec
                  | Str-5 Int+7} (You found it on level 15 of the Dungeon)
 30715 | Vaults:1 | Entered Level 1 of the Vaults
 30852 | Vaults:1 | Reached XP level 19. HP: 141/186 MP: 27/27
 31321 | Vaults:1 | Cast into level 2 of the Abyss (a deep elf sorcerer)
 31550 | Abyss:2  | Noticed a bone dragon
 31572 | Abyss:2  | Killed a bone dragon
 31589 | Abyss:2  | Gained mutation: You tend to lose your temper in combat. [a
                  | cacodemon]
 31596 | Vaults:1 | Escaped the Abyss
 31888 | Vaults:1 | Lost mutation: You tend to lose your temper in combat.
                  | [potion of mutation]
 31888 | Vaults:1 | Gained mutation: You possess an exceptional clarity of
                  | mind. [potion of mutation]
 31888 | Vaults:1 | Lost mutation: You are partially covered in thin metallic
                  | scales. (AC +2) [potion of mutation]
 31888 | Vaults:1 | Gained mutation: You are partially covered in molten
                  | scales. (AC +2) [potion of mutation]
 31888 | Vaults:1 | Lost mutation: Your magical capacity is low. (-10% MP)
                  | [potion of mutation]
 32054 | Vaults:1 | Cast into level 3 of the Abyss (a deep elf sorcerer)
 32269 | Abyss:3  | Found a shattered altar of Ashenzari.
 32323 | Vaults:1 | Escaped the Abyss
 32484 | Vaults:1 | You fall into a shaft and drop 1 floor!
 32577 | Vaults:2 | Found Risag's Assorted Antiques.
 32593 | Vaults:2 | Bought a scroll of teleportation for 75 gold pieces
 32715 | Vaults:2 | Found Musegag's Weapon Shop.
 32799 | Vaults:2 | Found Taom's Weapon Emporium.
 32881 | Vaults:2 | Found a staircase to the Crypt.
 33086 | Vaults:2 | Reached XP level 20. HP: 196/196 MP: 31/31
 33635 | Vaults:2 | Identified the +3 scale mail of Sadusag {*Slow rCorr SInv}
                  | (You found it on level 2 of the Vaults)
 33639 | Vaults:2 | Identified the -5 pair of gloves of Calculation {rElec
                  | rCorr} (You acquired it on level 2 of the Vaults)
 34341 | Vaults:3 | Cast into level 4 of the Abyss (a lich)
 34549 | Abyss:4  | Paralysed by a great orb of eyes for 4 turns
 34830 | Abyss:4  | Found a corrupted altar of Lugonu.
 34856 | Vaults:3 | Escaped the Abyss
 34958 | Vaults:3 | Paralysed by a great orb of eyes for 2 turns
 35749 | Vaults:4 | Reached XP level 21. HP: 200/207 MP: 32/32
 36019 | Vaults:4 | Reached skill level 1 in Throwing
 36077 | Vaults:4 | Noticed an ancient lich
 36117 | Vaults:4 | Noticed Aizul
 36120 | Vaults:4 | Killed an ancient lich
 36131 | Vaults:4 | Killed Aizul
 36453 | Vaults:4 | Reached skill level 5 in Throwing
 36946 | Vaults:4 | Identified the Reference Book on Helpful Intoxication
 37009 | Vaults:5 | Entered Level 5 of the Vaults
 37015 | Vaults:5 | Noticed a golden dragon
 37023 | Vaults:5 | Noticed Xtahua
 37030 | Vaults:4 | Killed a golden dragon
 37223 | Vaults:5 | Reached XP level 22. HP: 112/217 MP: 34/34
 37402 | Vaults:5 | Reached skill level 10 in Throwing
 37555 | Vaults:5 | Noticed a golden dragon
 37567 | Vaults:5 | Killed a golden dragon
 37828 | Vaults:5 | Paralysed by Xtahua for 6 turns
 37840 | Vaults:5 | Killed Xtahua
 38101 | Vaults:5 | Found Gupp's General Store.
 38247 | Vaults:5 | Identified the +4 hand crossbow of Neurosis {velocity,
                  | *Corrode rF+ rN+ SInv} (You found it on level 5 of the
                  | Vaults)
 38514 | Vaults:5 | Got a silver rune of Zot
 38623 | Vaults:5 | Identified the Reference Book on Cold
 38674 | Vaults:5 | Identified the +3 leather armour "Mybifies" {Int+5} (You
                  | found it on level 5 of the Vaults)
 38878 | Vaults:5 | Identified the +6 chain mail of the Accordion {-Tele rPois
                  | Regen+ Str-5}
 38879 | Vaults:5 | Identified the +6 dagger of Sufitz {pierce, Stlth+}
 39046 | Vaults:5 | Identified the Catalogue of Creative Toxins
 39340 | Elf:1    | Entered Level 1 of the Elven Halls
 39442 | Elf:1    | Found Athrag's General Store.
 39494 | Elf:1    | Bought a scroll of teleportation for 45 gold pieces
 39494 | Elf:1    | Bought a scroll of teleportation for 45 gold pieces
 39494 | Elf:1    | Bought a potion of heal wounds for 75 gold pieces
 39530 | Elf:1    | Reached XP level 23. HP: 219/226 MP: 36/36
 39564 | Elf:1    | Identified Odghuo's Compendium of the Escort
 39906 | Elf:1    | Found a shimmering altar of Xom.
 40141 | Elf:2    | Identified the +4 broad axe of Accidental Termination
                  | {speed, *Rage Str+6} (You found it on level 2 of the Elven
                  | Halls)
 40179 | Elf:2    | Found an ancient bone altar of Kikubaaqudgha.
 40458 | Elf:2    | Found a huge runed translucent gate.
 40458 | Elf:2    | Found a huge runed translucent gate.
 40458 | Elf:2    | Found a huge runed translucent gate.
 40464 | Elf:2    | Found a huge runed translucent gate.
 40464 | Elf:2    | Found a huge runed translucent gate.
 40953 | Elf:3    | Entered Level 3 of the Elven Halls
 41023 | Elf:3    | Noticed Louise
 41029 | Elf:3    | Killed Louise
 41511 | Elf:3    | Identified the cursed +0 trident "Teuts" {venom, *Corrode
                  | rPois MR++}
 41894 | Elf:3    | Identified the +4 flail of the Sage {crush, rPois MR+ MP+9
                  | Stlth+}
 41961 | Elf:3    | Identified the cursed +2 war axe "Dafat" {freeze, Str+2}
 41961 | Elf:3    | Identified the ring of Wishful Thinking {rPois rF+ Str-4
                  | SInv}
 42054 | Elf:3    | Found the +6 shillelagh "Devastator" {shatter}
 42076 | Elf:3    | Identified the Handbook of Creative Attacks
 42085 | Elf:3    | Identified the Compendium of Creative Bewitchment
 42089 | Elf:3    | Identified the Disquisition on the Creative Birds
 42398 | Elf:3    | Cast into level 3 of the Abyss (a deep elf sorcerer)
 42424 | Abyss:3  | Gained mutation: You are dopey. (Int -2) [a neqoxec]
 42434 | Abyss:3  | Gained mutation: Your magical capacity is extremely low.
                  | (-30% MP) [a neqoxec]
 42435 | Abyss:3  | Gained mutation: You are weak. (Str -2) [a neqoxec]
 42436 | Abyss:3  | Gained mutation: Your body sometimes deteriorates upon
                  | taking damage. [a neqoxec]
 42441 | Abyss:3  | Gained mutation: Armour fits poorly on your strangely
                  | shaped body. [a neqoxec]
 42445 | Abyss:3  | Got an abyssal rune of Zot
 42842 | Elf:3    | Escaped the Abyss
 42856 | Elf:3    | Reached XP level 24. HP: 158/242 MP: 33/33
 42874 | Elf:3    | Identified the Volume of the Igneous Glacier
 43266 | Depths:1 | Entered Level 1 of the Depths
 43266 | Depths:1 | Found a gateway to Hell.
 43333 | Depths:1 | Paralysed by a wizard for 3 turns
 43345 | Depths:1 | Noticed the Enchantress
 43354 | Depths:1 | Killed the Enchantress
 43521 | Depths:1 | Found a runed translucent door.
 43523 | Depths:1 | Found the ring of the Mage {Wiz MR++ Int+3}
 43769 | Depths:1 | Cast into level 2 of the Abyss (a wizard)
 44286 | Abyss:2  | Found a corrupted altar of Lugonu.
 44418 | Abyss:2  | Reached skill level 10 in Evocations
 44420 | Depths:1 | Escaped the Abyss
 44460 | Depths:1 | Found Utatsom's Gadget Boutique.
 44460 | Depths:1 | Found Quca's Jewellery Emporium.
 44461 | Depths:1 | Found Tusontill's Gadget Boutique.
 45512 | Depths:2 | Found a one-way gate to the infinite horrors of the Abyss.
 46257 | Depths:3 | Reached skill level 15 in Armour
 46599 | Depths:3 | Identified the +10 short sword "Qotygit" {venom, rF+ rN+}
 47155 | Depths:3 | Reached XP level 25. HP: 234/250 MP: 33/33
 47223 | Depths:3 | Found a one-way gate leading to the halls of Pandemonium.
 47319 | Depths:3 | Identified the +5 flail of the Pill Bug {holy, *Contam
                  | Str-3 Int+8 Stlth+}
 47326 | Depths:3 | Paralysed by a sphinx for 4 turns
 47710 | Depths:3 | Identified the +0 robe of Misanthropy {rF+ Int+4 Dex-3
                  | Slay+5}
 47862 | Depths:4 | Upgraded the game from 0.24-a0-613-g1ff6aac338 to
                  | 0.24-a0-618-ge4662a2d14
 47876 | Depths:4 | Paralysed by a floating eye for 3 turns
 48044 | Depths:4 | Noticed Sojobo
 48077 | Depths:4 | Killed Sojobo
 48380 | Depths:4 | Got a twitching silver ring
 48381 | Depths:4 | Identified the ring "Enwiff" {Wiz *Slow rF+ Str+3} (You
                  | found it on level 4 of the Depths)
 48432 | Depths:4 | Found Neaxutz's Assorted Antiques.
 48628 | Depths:4 | Identified the +8 scale mail of Awe {rF+} (You found it on
                  | level 4 of the Depths)
 48689 | Depths:4 | Got a bound brass ring
 48690 | Depths:4 | Identified the ring of Rymidgha {rN++ SInv} (You found it
                  | on level 4 of the Depths)
 48719 | Depths:4 | Paralysed by a great orb of eyes for 2 turns
 48722 | Depths:4 | Paralysed by a great orb of eyes for 2 turns
 48843 | Depths:4 | Got a smoking copper ring
 48846 | Depths:4 | Identified the ring "Dot Viut" {Fire MR+ Int+7 Dex+7} (You
                  | found it on level 4 of the Depths)
 48870 | Depths:5 | Entered Level 5 of the Depths
 49001 | Depths:5 | Found a gate to the Realm of Zot.
 49101 | Depths:5 | Noticed a juggernaut
 49118 | Depths:5 | Killed a juggernaut
 49126 | Depths:5 | Reached skill level 15 in Dodging
 49438 | Depths:5 | Reached XP level 26. HP: 258/258 MP: 33/33
 49524 | Depths:5 | Found a gateway to a ziggurat.
 49755 | Zot:1    | Entered Level 1 of the Realm of Zot
 50168 | Zot:1    | Learned a level 3 spell: Portal Projectile
 50772 | Slime:1  | Entered Level 1 of the Pits of Slime
 50777 | Slime:1  | Gained mutation: You do not regenerate when monsters are
                  | visible. [a shining eye]
 50779 | Slime:1  | Lost mutation: You are weak. (Str -2) [a shining eye]
 50781 | Slime:1  | Lost mutation: Your body sometimes deteriorates upon taking
                  | damage. [a shining eye]
 50916 | Slime:1  | Reached skill level 1 in Hexes
 51471 | Slime:3  | Paralysed by a great orb of eyes for 3 turns
 51508 | Slime:2  | Noticed Dissolution
 51521 | Slime:3  | Killed Dissolution
 52445 | Slime:3  | Gained mutation: You have a pair of large horns on your
                  | head. [a shining eye]
 52924 | Slime:5  | Entered Level 5 of the Pits of Slime
 52975 | Slime:5  | Gained mutation: Your spells are a little easier to cast,
                  | but a little less powerful. [a shining eye]
 53038 | Slime:5  | Gained mutation: You are frail. (-10% HP) [a shining eye]
 53169 | Slime:5  | Paralysed by a great orb of eyes for 3 turns
 53222 | Slime:5  | Reached XP level 27. HP: 230/245 MP: 33/33
 53253 | Slime:4  | Lost mutation: You are partially covered in molten scales.
                  | (AC +2) [potion of mutation]
 53253 | Slime:4  | Lost mutation: Your spells are a little easier to cast, but
                  | a little less powerful. [potion of mutation]
 53253 | Slime:4  | Lost mutation: You are frail. (-10% HP) [potion of
                  | mutation]
 53253 | Slime:4  | Gained mutation: You have a somewhat thin skeletal
                  | structure. (Dex +2, Stealth) [potion of mutation]
 53253 | Slime:4  | Lost mutation: Your magical capacity is low. (-10% MP)
                  | [potion of mutation]
 53253 | Slime:4  | Gained mutation: Your flesh is heat resistant. (rF+)
                  | [potion of mutation]
 53306 | Slime:5  | Noticed the Royal Jelly
 53307 | Slime:5  | Found a viscous altar of Jiyva.
 53309 | Slime:5  | Found the +7 Singing Sword {slice, sonic wave}
 53316 | Slime:5  | Killed the Royal Jelly
 53426 | Slime:5  | Learned a level 3 spell: Lesser Beckoning
 53431 | Slime:5  | Identified the +3 scale mail "Vaga" {rPois rN+++ Regen+
                  | Stlth-} (You found it on level 5 of the Pits of Slime)
 53435 | Slime:5  | Identified the +1 plate armour "Coidu" {rPois rN+ MP+9}
                  | (You found it on level 5 of the Pits of Slime)
 53454 | Slime:5  | Identified the +3 plate armour "Laodizes" {rElec rC- Str+5}
                  | (You found it on level 5 of the Pits of Slime)
 53457 | Slime:5  | Found the amulet of the Four Winds {rN+ MR+++ Clar}
 53471 | Slime:5  | Got a slimy rune of Zot
 53497 | Slime:5  | Identified the +4 pearl dragon scales "Jashrewu" {rF+ rN+
                  | MR+ Regen+ Str+4} (You found it on level 5 of the Pits of
                  | Slime)
 53521 | Slime:5  | Lost mutation: You are dopey. (Int -2) [potion of mutation]
 53521 | Slime:5  | Lost mutation: You have a somewhat thin skeletal structure.
                  | (Dex +2, Stealth) [potion of mutation]
 53521 | Slime:5  | Lost mutation: You possess an exceptional clarity of mind.
                  | [potion of mutation]
 53521 | Slime:5  | Lost mutation: Your flesh is heat resistant. (rF+) [potion
                  | of mutation]
 53521 | Slime:5  | Gained mutation: You can translocate small distances at
                  | will. [potion of mutation]
 53521 | Slime:5  | Gained mutation: You are weak. (Str -2) [potion of
                  | mutation]
 53521 | Slime:5  | Lost mutation: You are weak. (Str -2) [potion of mutation]
 53522 | Slime:5  | Lost mutation: You have a pair of large horns on your head.
                  | [potion of mutation]
 53522 | Slime:5  | Lost mutation: You do not regenerate when monsters are
                  | visible. [potion of mutation]
 53522 | Slime:5  | Gained mutation: You are somewhat resistant to further
                  | mutation. [potion of mutation]
 53522 | Slime:5  | Gained mutation: You have a pair of large horns on your
                  | head. [potion of mutation]
 53522 | Slime:5  | Gained mutation: You are frail. (-10% HP) [potion of
                  | mutation]
 53523 | Slime:5  | Lost mutation: Armour fits poorly on your strangely shaped
                  | body. [potion of mutation]
 53523 | Slime:5  | Lost mutation: You have a pair of large horns on your head.
                  | [potion of mutation]
 53523 | Slime:5  | Lost mutation: You are somewhat resistant to further
                  | mutation. [potion of mutation]
 53523 | Slime:5  | Lost mutation: You are frail. (-10% HP) [potion of
                  | mutation]
 53523 | Slime:5  | Gained mutation: Armour fits poorly on your strangely
                  | shaped body. [potion of mutation]
 53523 | Slime:5  | Gained mutation: You are dopey. (Int -2) [potion of
                  | mutation]
 53523 | Slime:5  | Gained mutation: You are agile. (Dex +2) [potion of
                  | mutation]
 53524 | Slime:5  | Lost mutation: Armour fits poorly on your strangely shaped
                  | body. [potion of mutation]
 53524 | Slime:5  | Lost mutation: You are partially covered in rugged brown
                  | scales. (AC +1, +3% HP) [potion of mutation]
 53524 | Slime:5  | Lost mutation: You can translocate small distances at will.
                  | [potion of mutation]
 53524 | Slime:5  | Gained mutation: Armour fits poorly on your strangely
                  | shaped body. [potion of mutation]
 53524 | Slime:5  | Gained mutation: You have supernaturally acute eyesight.
                  | (SInv) [potion of mutation]
 53525 | Slime:5  | Lost mutation: You are agile. (Dex +2) [potion of mutation]
 53525 | Slime:5  | Lost mutation: You are dopey. (Int -2) [potion of mutation]
 53525 | Slime:5  | Lost mutation: Armour fits poorly on your strangely shaped
                  | body. [potion of mutation]
 53525 | Slime:5  | Gained mutation: You are frail. (-10% HP) [potion of
                  | mutation]
 53525 | Slime:5  | Gained mutation: Armour fits poorly on your strangely
                  | shaped body. [potion of mutation]
 53525 | Slime:5  | Gained mutation: Your movements are slightly less
                  | encumbered by armour. (ER -2) [potion of mutation]
 53526 | Slime:5  | Lost mutation: You are frail. (-10% HP) [potion of
                  | mutation]
 53526 | Slime:5  | Lost mutation: You have supernaturally acute eyesight.
                  | (SInv) [potion of mutation]
 53526 | Slime:5  | Lost mutation: Armour fits poorly on your strangely shaped
                  | body. [potion of mutation]
 53526 | Slime:5  | Gained mutation: You do not regenerate when monsters are
                  | visible. [potion of mutation]
 53526 | Slime:5  | Gained mutation: You are frail. (-10% HP) [potion of
                  | mutation]
 53526 | Slime:5  | Gained mutation: You are clumsy. (Dex -2) [potion of
                  | mutation]
 53526 | Slime:5  | Gained mutation: Your mind is acute. (Int +2) [potion of
                  | mutation]
 53916 | Crypt:1  | Entered Level 1 of the Crypt
 53957 | Crypt:1  | Identified the +6 chain mail of the Stallion {Str+2 Stlth+}
                  | (You found it on level 1 of the Crypt)
 54506 | Crypt:1  | Found a basalt altar of Yredelemnul.
 54709 | Crypt:2  | Noticed Boris
 54715 | Crypt:2  | Killed Boris
 54748 | Crypt:2  | Noticed Jory
 54764 | Crypt:2  | Killed Jory
 54820 | Crypt:2  | Reached skill level 5 in Hexes
 54838 | Crypt:2  | Noticed Khufu
 54839 | Crypt:2  | Noticed Mennas
 54842 | Crypt:2  | Noticed a greater mummy
 54843 | Crypt:2  | Noticed a greater mummy
 55032 | Crypt:2  | Killed Mennas
 55071 | Crypt:2  | Killed a greater mummy
 55091 | Crypt:2  | Killed a greater mummy
 55112 | Crypt:2  | Killed Khufu
 55483 | Crypt:3  | Entered Level 3 of the Crypt
 55596 | Crypt:3  | Found a basalt altar of Yredelemnul.
 55897 | Crypt:3  | Found a staircase to the Tomb.
 55897 | Crypt:3  | Noticed a greater mummy
 55901 | Crypt:3  | Found the cursed +13 scythe of Curses {drain, *Curse}
 55915 | Crypt:3  | Killed a greater mummy
 56074 | Crypt:3  | Upgraded the game from 0.24-a0-618-ge4662a2d14 to
                  | 0.24-a0-619-gb7544fd237
 56130 | Crypt:3  | Reached skill level 15 in Shields
 56258 | Crypt:3  | Identified the +4 chain mail of the Sunfish {*Contam rC+
                  | MR++ Slay+2} (You found it on level 3 of the Crypt)
 56542 | Crypt:3  | Identified the +4 ring mail of Legegi {rF+} (You found it
                  | on level 3 of the Crypt)
 56897 | Tomb:1   | Entered Level 1 of the Tomb of the Ancients
 58152 | Zig:1    | Entered Level 1 of a ziggurat
 58168 | Zig:2    | Entered Level 2 of a ziggurat
 58192 | Zig:3    | Entered Level 3 of a ziggurat
 58221 | Zig:4    | Entered Level 4 of a ziggurat
 58243 | Zig:5    | Entered Level 5 of a ziggurat
 58245 | Zig:5    | Found the +5 robe of Night {Dark MR+ SInv}
 58283 | Zig:6    | Entered Level 6 of a ziggurat
 58326 | Zig:7    | Entered Level 7 of a ziggurat
 58337 | Zig:7    | Gained mutation: Your spells are a little easier to cast,
                  | but a little less powerful. [a neqoxec]
 58338 | Zig:7    | Gained mutation: Your mind is very acute. (Int +4) [a
                  | neqoxec]
 58397 | Zig:8    | Entered Level 8 of a ziggurat
 58414 | Zig:8    | Gained mutation: Potions are less effective at restoring
                  | your health. [a shining eye]
 58571 | Zig:8    | Identified the +2 ice dragon scales of Inwasuon {*Drain rF-
                  | rC++ Str-5 Int+8 Stlth+} (You found it on level 8 of a
                  | ziggurat)
 58574 | Zig:9    | Entered Level 9 of a ziggurat
 58814 | Zig:9    | Found the +6 arbalest "Damnation" {damnation}
 58821 | Zig:9    | Identified the Handbook of Ignition and the Frostbite
 58841 | Zig:10   | Entered Level 10 of a ziggurat
 58849 | Zig:10   | Found the +0 sword of Power
 59075 | Zig:11   | Entered Level 11 of a ziggurat
 59149 | Zig:11   | Identified the +13 crystal plate armour of Tempters {rCorr}
                  | (You found it on level 11 of a ziggurat)
 59187 | Zig:12   | Entered Level 12 of a ziggurat
 59295 | Zig:12   | Identified Cuygy's Catalogue of Hexes
 59339 | Zig:13   | Entered Level 13 of a ziggurat
 59413 | Zig:13   | Identified the +4 plate armour "Ehucoaf" {rElec rN+++ Str-2
                  | Stlth+} (You found it on level 13 of a ziggurat)
 59417 | Zig:13   | Identified the ring of Quiwn {Ice *Contam Str+4 Dex+4} (You
                  | found it on level 13 of a ziggurat)
 59424 | Zig:13   | Identified the amulet "Ecretan" {Reflect rPois SH+4} (You
                  | found it on level 13 of a ziggurat)
 59426 | Zig:13   | Identified the Catalogue of the Escort and Heat
 59434 | Zig:14   | Entered Level 14 of a ziggurat
 59456 | Zig:14   | Hit by a storm dragon zombie thrown by iron giant

Levels and vault maps discovered:
D:1:      lemuel_arrival_broad_hall, layout_basic, feat_on_display
D:2:      layout_basic, led_sif_pool, minmay_box_of_dots
D:3:      layout_rooms, first_ration, fedhas_altar_3
D:4:      layout_basic, lemuel_round_altar
D:5:      layout_rooms, xom_butterflies, minmay_temple_entry_statues_fountains,
          serial_glass, glass_columns_a, glass_columns_a, serial_shops,
          nicolae_shop_crystal, basic_altar, uniq_duvessa, uniq_sigmund
D:6:      black_bear_nest_1, layout_cave_pools, nicolae_overflow_hidden_temple,
          serial_shops, shop, chequers_serial_rivers_room_b
D:7:      layout_cave_pods, grunt_dithmenos_smoke, gammafunk_ghost_arena
D:8:      layout_loops_cross, old_standard_altar, grunt_ogre_cave,
          uniq_prince_ribbit1
D:9:      layout_gridville, trog_ov_bears_minmay, uniq_erica
D:10:     layout_long_grid, lair_entry_dummy, patterned_corridor
D:11:     cheibrodos_elevator_heist, layout_rooms
D:12:     layout_roguey, david_orc_1_choice, enter_trove_3, basic_altar
D:13:     layout_grid_maze, serial_shops, nicolae_shop_waterfront,
          enter_bailey_3, basic_altar, grunt_decor_one_mirror
D:14:     layout_cave_pools, hangedman_vaults_entry_quadrant_bands,
          nicolae_sextant, uniq_jorgrun
D:15:     hangedman_depths_entry_try_elsewhere_first, layout_rooms,
          hangedman_decor_growths, gauntlet_entry_generic
Temple:   eino_temple_water
Lair:1:   layout_roguey, beast_lair_carwin_2
Lair:2:   layout_hall_layers, nicolae_spider_entry_non_spiders,
          zaba_antful_of_joy, grunt_megastairs_4
Lair:3:   kb_forest_paths, layout_concentric_octagons,
          nicolae_swamp_entry_splash_gauntlet, wad_woods_06, uniq_nergalle
Lair:4:   layout_regular_city
Lair:5:   layout_cave_pods, minmay_slime_entry_oklob_open,
          grunt_forest_stairs_basic, uniq_snorg, uniq_nessos
Lair:6:   evilmike_catoblepas_cave, layout_regular_city,
          gammafunk_lair_bear_cave, infiniplex_staircase_pool_2
Swamp:1:  layout_falls_marsh, ebering_ghost_reflecting_pool,
          infiniplex_staircase_pool
Swamp:2:  layout_basic_swamp, nicolae_swamp_triple_paths
Swamp:3:  layout_falls_marsh, evilmike_swamp_ruin_house_1, grunt_ruined_hall
Swamp:4:  swamp_basic_johnstein, layout_basic_swamp, swamp_pool4,
          nicolae_swamp_godswood
Spider:1: layout_spider_delve, portal_ice_cave_entry_frozen_things
Spider:2: spiders_nest_a, nicolae_spider_cling_halls
Spider:3: layout_chambers, uniq_arachne
Spider:4: spider_rune_water, guppyfry_spider_mini_2, uniq_mara
Slime:1:  layout_caves
Slime:2:  layout_caves, uniq_dissolution
Slime:3:  layout_caves
Slime:4:  layout_caves
Slime:5
Orc:1:    layout_caves, basic_altar, serial_shops, shop
Orc:2:    grunt_orc_gardens, layout_caves, grunt_orc_garden, grunt_orc_garden,
          grunt_orc_garden, grunt_orc_garden, basic_altar,
          nicolae_orc_flooded_monolith, roderic_batcave, lemuel_statue_altar,
          uniq_azrael, uniq_saint_roka
Elf:1:    due_chaos_kobolds, layout_gridlike, serial_shops, nicolae_shop_stone,
          minmay_elf_demonology, st_stairs_12, nicolae_elf_big_sculpture_3,
          lemuel_flamethrower_1
Elf:2:    layout_geoelf_grid, basic_altar
Elf:3:    elf_hall_gauntlet_wide, layout_geoelf_diagonals, minivault_24,
          uniq_louise
Vaults:1: advil_vaults_ghost_guards, v_pattern_5, nicolae_vaults_asterisk,
          vaults_room_grid, vaults_dpeg_diagonal, hangedman_vaults_river_flow,
          nicolae_vaults_what_the_h, ontoclasm_vaults_loading_screen,
          layout_vaults_quadrants
Vaults:2: grunt_vaults_trifunnel, st_greater_box_1, v_pattern_4,
          minmay_crypt_entry_simple_corners, v_misc_26,
          nicolae_vaults_network_periphery, v_rooms_3,
          nicolae_vaults_circle_grid_b, vaults_dpeg_hooks,
          nicolae_vaults_ring_of_whatevers, layout_vaults_big_cross,
          serial_shops, shop, shop, nicolae_shop_statue_plus
Vaults:3: nicolae_vaults_angled_halls, hangedman_vaults_unwind,
          nicolae_vaults_octagons, nicolae_vaults_big_ls, grunt_vaults_focal,
          hangedman_vaults_restitches, v_misc_24, layout_vaults_chaotic_city
Vaults:4: ontoclasm_vaults_echo, nicolae_vaults_network_square, v_misc_28,
          v_alt_pattern_6, nicolae_vaults_asterisk,
          nicolae_vaults_three_branches, vaults_standard_mumra_lines,
          vaults_room_pool, nicolae_vaults_ring_of_whatevers,
          nicolae_vaults_shelves_hall, ontoclasm_vaults_decontamination,
          layout_vaults_ring, uniq_aizul
Vaults:5: uniq_xtahua
Crypt:1:  layout_gridlike, basic_altar, minmay_strange_pillars, st_stairs_5,
          serial_sigils_hangedman_gut, roderic_lattice_octagonal_star,
          grunt_megastairs_2, grunt_crypt_arrival_split
Crypt:2:  layout_rooms, wad_floor_pattern_untrapped, uniq_jory, uniq_khufu,
          uniq_mennas, uniq_boris
Crypt:3:  grunt_crypt_end_deaths_head
Tomb:1
Depths:1: layout_gridlike, hell_entry, minmay_crystal_room, interstate_on_off,
          minmay_guarded_unrand_mage, minmay_shop_grove, uniq_enchantress
Depths:2: kennysheep_blocky_room, layout_cave_shapes, abyss_entry, hell_entry,
          kennysheep_generic_room_2
Depths:3: minmay_fractal_lines_corner, layout_cave_pools, lightli_too_deep,
          serial_rivers, chequers_serial_rivers_micro_e,
          chequers_serial_rivers_small_b, chequers_serial_rivers_micro_c,
          chequers_serial_rivers_micro_c, rand_demon_pan_entry_7,
          minmay_misc_feat_square, kennysheep_island_fort
Depths:4: hangedman_spin_cycle, abyss_entry, pan_entry, hell_entry
Depths:5: grunt_zot_entry_tricorne, layout_cave_shapes, enter_ziggurat_f,
          hell_entry, pan_entry, abyss_entry_crystal,
          chequers_serial_rivers_micro_b, st_stairs_6
Zot:1:    layout_misc_corridors, skrybe_zot_glass_1
Zig:14

Skill      XL: |  1  2  3  4  5  6  7  8  9 10 11 12 13 14 15 16 17 18 19 20 21 22 23 24 25 26 27 |
---------------+----------------------------------------------------------------------------------+-----
Fighting       | 4 5 7 8 10 11 12 13 15 16 17 18 19 20 21 23 24 25 | 25.1
Axes           | 4 5 6 7 8 10 11 12 14 15 16 17 18 19 20 22 | 22.6
Stealth        | 2 |  2.3
Dodging        | 4 6 7 9 10 11 12 13 15 19 | 19.8
Armour         | 1 2 3 5 7 9 10 12 13 15 16 19 | 19.9
Invocations    | 4 6 8 9 11 12 13 14 15 16 17 19 20 22 23 25 | 25.4
Shields        | 1 5 8 10 11 13 14 20 | 20.7
Translocations | 3 8 |  8.5
Evocations     | 5 7 9 11 14 | 14.1
Throwing       | 8 11 | 11.5
Hexes          | 4 5 |  5.6

Action                   |  1- 3 |  4- 6 |  7- 9 | 10-12 | 13-15 | 16-18 | 19-21 | 22-24 | 25-27 || total
-------------------------+-------+-------+-------+-------+-------+-------+-------+-------+-------++-------
Melee: Hand axe          |   101 |    58 |       |       |       |       |       |       |       ||   159
       Headbutt          |    10 |    18 |    58 |   201 |   283 |   381 |   448 |   614 |   792 ||  2805
       War axe           |       |    76 |   195 |   514 |    87 |       |       |       |       ||   872
       Scimitar          |       |       |       |     4 |       |       |       |       |       ||     4
       Broad axe         |       |       |       |       |   681 |  1090 |  1108 |  1589 |  1972 ||  6440
       Morningstar       |       |       |       |       |     8 |    23 |       |       |       ||    31
Throw: Javelin           |       |       |       |       |    10 |    32 |     7 |    18 |    37 ||   104
 Cast: Blink             |       |       |       |       |       |     4 |       |       |       ||     4
       Portal Projectile |       |       |       |       |       |       |       |       |     4 ||     4
       Lesser Beckoning  |       |       |       |       |       |       |       |       |     1 ||     1
Invok: Slouch            |       |       |       |     1 |     5 |     5 |     3 |     8 |    13 ||    35
       Bend Time         |       |       |       |       |       |     4 |       |       |     1 ||     5
       Step From Time    |       |       |       |       |       |       |     2 |       |     2 ||     4
 Abil: Evoke Invisibilit |       |       |       |       |       |       |     5 |     2 |     6 ||    13
Evoke: Wand              |       |       |     2 |     9 |     6 |    33 |     6 |    17 |    11 ||    84
  Use: Scroll            |     5 |     5 |    10 |    15 |    18 |    18 |    21 |    29 |    44 ||   165
       Potion            |       |     1 |     4 |     1 |     6 |     3 |     7 |    15 |    17 ||    54
 Stab: Sleeping          |     6 |     1 |     9 |    17 |    20 |    28 |     4 |     4 |     5 ||    94
       Distracted        |       |       |     2 |     3 |     5 |     6 |       |     8 |     7 ||    31
       Petrified         |       |       |       |       |     3 |       |       |     3 |       ||     6
       Petrifying        |       |       |       |       |     1 |       |       |       |       ||     1
       Confused          |       |       |       |       |     2 |     2 |     2 |       |       ||     6
       Invisible         |       |       |       |       |       |     5 |    15 |     2 |    36 ||    58
  Eat: Chunk             |     2 |     7 |     5 |     8 |     9 |     1 |     4 |     2 |     5 ||    43
       Ration            |       |       |       |     3 |     3 |     5 |     4 |     6 |     7 ||    28
Armor: Robe              |    17 |       |       |       |       |       |       |       |       ||    17
       Ring mail         |     2 |    23 |    55 |   158 |   217 |   427 |       |       |       ||   882
       Plate armour      |       |    27 |    29 |       |       |       |       |       |       ||    56
       Leather armour    |       |       |     5 |       |       |       |       |       |       ||     5
       Scale mail        |       |       |       |       |       |    12 |     5 |       |   109 ||   126
       Fire dragon scale |       |       |       |       |       |       |   318 |   520 |   373 ||  1211
       Pearl dragon scal |       |       |       |       |       |       |       |       |    66 ||    66
       Crystal plate arm |       |       |       |       |       |       |       |       |    13 ||    13
Dodge: Dodged            |    70 |    70 |   134 |   257 |   580 |  1015 |   735 |  1006 |  1505 ||  5372
Block: Shield            |       |       |     2 |   412 |   644 |   975 |   782 |  1176 |  1931 ||  5922
       Reflection        |       |       |       |       |       |       |       |       |    20 ||    20
       Rpst.: Scimitar   |       |       |       |     1 |       |       |       |       |       ||     1

Table legend:
 A = Non-vault XP
 B = Vault XP
 C = Vault XP percentage of total XP
 D = Non-vault monster count
 E = Vault monster count
 F = Vault count percentage of total count
                 A         B        C        D         E       F
            +---------+---------+-------+---------+---------+-------
      Total | 1016108 |  824447 |  44.8 |    2126 |    1072 |  33.5
            +---------+---------+-------+---------+---------+-------
        D:1 |      20 |       0 |   0.0 |      12 |       0 |   0.0
        D:2 |      99 |      16 |  13.9 |      31 |       2 |   6.1
        D:3 |      45 |       0 |   0.0 |      25 |       0 |   0.0
        D:4 |     782 |       0 |   0.0 |      25 |       0 |   0.0
        D:5 |     604 |     434 |  41.8 |      20 |       3 |  13.0
        D:6 |     466 |     128 |  21.5 |      14 |       1 |   6.7
        D:7 |     917 |       0 |   0.0 |      18 |       0 |   0.0
        D:8 |    3773 |     416 |   9.9 |      21 |       2 |   8.7
        D:9 |    1164 |    1166 |  50.0 |      12 |       3 |  20.0
       D:10 |    4032 |       0 |   0.0 |      34 |       0 |   0.0
       D:11 |    4915 |       0 |   0.0 |      45 |       0 |   0.0
       D:12 |    6364 |     619 |   8.9 |      25 |       9 |  26.5
       D:13 |    3142 |       8 |   0.3 |      20 |       4 |  16.7
       D:14 |    5944 |    7749 |  56.6 |      22 |      16 |  42.1
       D:15 |   11333 |    2224 |  16.4 |      39 |       4 |   9.3
     Lair:1 |    1858 |     373 |  16.7 |       9 |       4 |  30.8
     Lair:2 |    2032 |    3487 |  63.2 |       9 |      43 |  82.7
     Lair:3 |    6958 |    7098 |  50.5 |      18 |      22 |  55.0
     Lair:4 |    5308 |       0 |   0.0 |      20 |       0 |   0.0
     Lair:5 |    7704 |    2925 |  27.5 |      32 |       3 |   8.6
     Lair:6 |   15663 |   14288 |  47.7 |      47 |      27 |  36.5
    Swamp:1 |    6642 |    2144 |  24.4 |      29 |       1 |   3.3
    Swamp:2 |   11333 |       0 |   0.0 |      34 |       0 |   0.0
    Swamp:3 |   16621 |    7810 |  32.0 |      44 |      12 |  21.4
    Swamp:4 |   20670 |   21871 |  51.4 |      38 |      29 |  43.3
   Spider:1 |    8890 |    1098 |  11.0 |      27 |       3 |  10.0
   Spider:2 |   21033 |   13994 |  40.0 |      64 |      57 |  47.1
   Spider:3 |   17823 |    3818 |  17.6 |      51 |       1 |   1.9
   Spider:4 |    9084 |   28740 |  76.0 |      31 |      43 |  58.1
    Slime:1 |   15407 |       0 |   0.0 |      26 |       0 |   0.0
    Slime:2 |   26359 |       0 |   0.0 |      44 |       0 |   0.0
    Slime:3 |   17726 |   13640 |  43.5 |      37 |       1 |   2.6
    Slime:4 |   17690 |       0 |   0.0 |      27 |       0 |   0.0
    Slime:5 |   14040 |   26006 |  64.9 |      33 |      12 |  26.7
      Orc:1 |    3160 |    2139 |  40.4 |      33 |       4 |  10.8
      Orc:2 |    1963 |   16706 |  89.5 |      26 |      46 |  63.9
      Elf:1 |   26180 |    5821 |  18.2 |      48 |      17 |  26.2
      Elf:2 |   19867 |   21411 |  51.9 |      31 |      25 |  44.6
      Elf:3 |   31329 |   34050 |  52.1 |      47 |      22 |  31.9
   Vaults:1 |   40022 |   18786 |  31.9 |      86 |      27 |  23.9
   Vaults:2 |   19290 |   51290 |  72.7 |      35 |      54 |  60.7
   Vaults:3 |   26276 |   16744 |  38.9 |      56 |      23 |  29.1
   Vaults:4 |   40611 |   33963 |  45.5 |      60 |      31 |  34.1
   Vaults:5 |   42734 |  123719 |  74.3 |      65 |      92 |  58.6
    Crypt:1 |   11554 |    7878 |  40.5 |      24 |      12 |  33.3
    Crypt:2 |   15450 |   38424 |  71.3 |      24 |       7 |  22.6
    Crypt:3 |       0 |   78616 | 100.0 |       0 |     126 | 100.0
     Tomb:1 |   21231 |   17047 |  44.5 |      32 |      14 |  30.4
   Depths:1 |   21793 |   15867 |  42.1 |      31 |      16 |  34.0
   Depths:2 |   42293 |   10035 |  19.2 |      59 |      10 |  14.5
   Depths:3 |   39354 |   30317 |  43.5 |      51 |      20 |  28.2
   Depths:4 |       0 |   91052 | 100.0 |       0 |      96 | 100.0
   Depths:5 |   34538 |   23928 |  40.9 |      28 |      17 |  37.8
      Zot:1 |   67723 |       0 |   0.0 |      42 |       0 |   0.0
    Abyss:2 |   35519 |       0 |   0.0 |      80 |       0 |   0.0
    Abyss:3 |   35223 |    3570 |   9.2 |      81 |       7 |   8.0
    Abyss:4 |   20906 |       0 |   0.0 |      43 |       0 |   0.0
      Zig:1 |    1128 |       0 |   0.0 |       1 |       0 |   0.0
      Zig:2 |    3489 |       0 |   0.0 |       2 |       0 |   0.0
      Zig:3 |    3802 |       0 |   0.0 |       4 |       0 |   0.0
      Zig:4 |    5405 |       0 |   0.0 |       4 |       0 |   0.0
      Zig:5 |    3756 |       0 |   0.0 |      10 |       0 |   0.0
      Zig:6 |    6097 |       0 |   0.0 |       9 |       0 |   0.0
      Zig:7 |   11029 |    2188 |  16.6 |      10 |       4 |  28.6
      Zig:8 |   10287 |       0 |   0.0 |      11 |       0 |   0.0
      Zig:9 |   21299 |       0 |   0.0 |      11 |       0 |   0.0
     Zig:10 |   13697 |       0 |   0.0 |      22 |       0 |   0.0
     Zig:11 |   12564 |       0 |   0.0 |      19 |       0 |   0.0
     Zig:12 |   14888 |       0 |   0.0 |      31 |       0 |   0.0
     Zig:13 |   24423 |       0 |   0.0 |      24 |       0 |   0.0
     Zig:14 |     787 |       0 |   0.0 |       3 |       0 |   0.0
     Bailey |       0 |    1205 | 100.0 |       0 |      25 | 100.0
      IceCv |       0 |   10592 | 100.0 |       0 |      60 | 100.0
   Gauntlet |       0 |    9047 | 100.0 |       0 |      15 | 100.0
            +---------+---------+-------+---------+---------+-------
